 Dungeon Crawl Stone Soup version 0.29.0-13-gc9e81de378 (webtiles) character file.

Game seed: 10525526002624040342

10 Artool the Ducker (level 2, -4/22 HPs)
             Began as a Demonspawn Gladiator on Sept 7, 2022.
             Engulfed by a cloud of flame (26 damage)
             ... on level 1 of the Dungeon.
             The game lasted 00:01:59 (483 turns).

Artool the Ducker (Demonspawn Gladiator)             Turns: 483, Time: 00:01:59

Health: -4/22      AC:  7    Str: 14    XL:     2   Next: 10%
Magic:  2/2        EV: 11    Int: 11    God:
Gold:   41         SH:  0    Dex: 14    Spells: 1/1 levels left

rFire   . . .      SeeInvis .   a - +0 flail
rCold   . . .      Faith    .   (no shield)
rNeg    . . .      Spirit   .   i - +0 ring mail
rPois   .          Reflect  .   c - +0 helmet
rElec   .          Harm     .   l - +0 cloak
rCorr   .          Rampage  .   (no gloves)
Will    .....                   (no boots)
Stlth   +.........              (no amulet)
HPRegen 0.07/turn               (no ring)
MPRegen 0.08/turn               (no ring)

@: no status effects
A: big brain 1
a: no special abilities


You were on level 1 of the Dungeon.
You visited 1 branch of the dungeon, and saw 1 of its levels.

You collected 41 gold pieces.

Inventory:

Hand Weapons
 a - a +0 flail (weapon)
Missiles
 d - 3 throwing nets
 e - a javelin
 j - a stone (quivered)
Armour
 b - a +0 leather armour
 c - a +0 helmet (worn)
 i - a +0 ring mail (worn)
 l - a +0 cloak (worn)
Magical Staves
 m - a staff of conjuration
Scrolls
 f - a scroll of teleportation {unknown}
 g - a scroll of noise {unknown}
 o - a scroll of fear {unknown}
 p - a scroll of enchant armour {unknown}
 q - a scroll of identify {unknown}
Potions
 h - a potion of mutation {unknown}
 k - a potion of cancellation {unknown}
 n - a potion of flight {unknown}


   Skills:
 + Level 2.1 Fighting
 + Level 2.8 Maces & Flails
 - Level 2.0 Throwing
 + Level 0.4 Armour
 + Level 2.8 Dodging


You had one spell level left.
You didn't know any spells.
Your spell library was empty.

Dungeon Overview and Level Annotations

Branches:
Dungeon (1/15)

Altars:


Innate Abilities, Weirdness & Mutations

You have an unusually large brain. (Int +2)


Message History

The hobgoblin is moderately wounded.
The hobgoblin hits you but does no damage.
You sock the hobgoblin!
You kill the hobgoblin!
You have reached level 2!
Your demonic ancestry asserts itself...
Your brain expands.
There is an open door here.
You open the door.
There is an open door here.
You open the door. You open the door. You open the door.
A hobgoblin comes into view.
The hobgoblin shouts!
You closely miss the hobgoblin. The hobgoblin closely misses you.
You hit the hobgoblin.
The hobgoblin is almost dead.
The hobgoblin hits you but does no damage.
The hobgoblin barely misses you.
You sock the hobgoblin!
You kill the hobgoblin!
Training target 2.0 for Throwing reached!
Your Throwing skill increases to level 2!
There is an open door here.
You see here a hobgoblin corpse.
You open the door.
There is an open door here.
Are you sure you want to abandon this character and quit the game? (Confirm with "yes".)
Okay, then.
Really walk into a travel-excluded area? [Y]es or [N]o only, please.
Really walk into a travel-excluded area? [Y]es or [N]o only, please.
Really walk into a travel-excluded area? [Y]es or [N]o only, please.
Really walk into a travel-excluded area?
You are engulfed in blazing flames.
Ouch! That really hurt!
You die...

....# #............#.#.#.......#
....###.#..........#.#.#..#.####
....#.........#........#..#.#
....#.........#........#..#.#
....#.........#........#..#.#
....##.#########.###.#.#..#.#
....##.#...........#'#....#.#
....#..#.........☼.#.###.##..
......##...#..#§@#.#†###.####
....####.......§☼○.'.....#
#...####<......§§8.####..#
.......#........§..'.....####.#
#......#...#..#..#.#'##.......#
.......#...........#.#..#######
...#...#...........#'#.##
P###...#########.###...#
P..#...# #.....###


There were no monsters in sight!

Vanquished Creatures
  4 hobgoblins (D:1)
  A kobold (D:1)
  2 bats (D:1)
  3 frilled lizards (D:1)
10 creatures vanquished.

Notes
Turn   | Place    | Note
-------+----------+-------------------------------------------
     0 | D:1      | Artool the Demonspawn Gladiator began the quest for the
                  | Orb.
     0 | D:1      | Reached XP level 1. HP: 16/16 MP: 1/1
   453 | D:1      | Gained mutation: You have an unusually large brain. (Int
                  | +2) [demonic ancestry]
   453 | D:1      | Reached XP level 2. HP: 22/22 MP: 2/2
   483 | D:1      | Engulfed by a cloud of flame

Illustrated notes

Levels and vault maps discovered:
D:1:      shiori_arrival_oz, layout_basic,
          shapermc_ecumenical_altar_mp_urbaneastern

Skill      XL: |  1  2 |
---------------+-------+-----
Throwing       | 2 |  2.0
Fighting       | |  2.1
Maces & Flails | |  2.8
Armour         | |  0.4
Dodging        | |  2.8

Action                   || total
-------------------------++-------
Melee: Flail             ||    24
Throw: Stone             ||     3
Armor: Ring mail         ||     9
Dodge: Dodged            ||    13
